 Dungeon Crawl Stone Soup version 0.30.1-11-g7821555f0a (webtiles) character file.

Game seed: 15478605682566020816

19 Groucho the Digger (level 2, 0/17 HPs)
             Began as a Gargoyle Earth Elementalist on Dec 17, 2023.
             Slain by a kobold
             ... wielding a +0 whip
              (5 damage)
             ... on level 2 of the Dungeon.
             The game lasted 00:02:38 (1224 turns).

Groucho the Digger (Gargoyle Earth Elementalist)    Turns: 1224, Time: 00:02:39

Health: 0/17       AC:  4    Str: 11    XL:     2   Next: 75%
Magic:  5/5        EV: 11    Int: 15    God:
Gold:   62         SH:  0    Dex: 10    Spells: 4/5 levels left

rFire   . . .        f - +0 short sword
rCold   . . .        (no shield)
rNeg    + . .        a - +0 robe
rPois   ∞            (no helmet)
rElec   +            (no cloak)
rCorr   .            (no gloves)
SInv    .            (no boots)
Will    .....        (no amulet)
Stlth   ++           (no ring)
HPRegen 0.22/turn    (no ring)
MPRegen 0.09/turn

%: no passive effects
@: no status effects
A: sickness immunity, AC +2, negative energy resistance 1, electricity
resistance, torment resistance 1, petrification resistance
a: no special abilities


You were on level 2 of the Dungeon.
You visited 1 branch of the dungeon, and saw 2 of its levels.

You collected 62 gold pieces.

Inventory:

Hand Weapons
 f - a +0 short sword (weapon)
Armour
 a - a +0 robe (worn)
Scrolls
 c - a scroll of immolation {unknown}
 h - a scroll of teleportation {unknown}
 i - 3 scrolls of identify
Potions
 b - 3 potions of magic
 d - a potion of flight
 e - a potion of lignification
 g - a potion of heal wounds
 j - a potion of attraction {unknown}


   Skills:
 - Level 2.0 Fighting
 + Level 1.5 Dodging
 - Level 2.1 Stealth
 - Level 2.0 Spellcasting
 - Level 1.0 Transmutations
 - Level 4.0 Earth Magic


You had 4 spell levels left.
You knew the following spells:

 Your Spells              Type           Power      Damage    Failure   Level
a - Sandblast             Erth           26%        2d8       4%          1

Your spell library contained the following spells:

 Spells                   Type           Power      Damage    Failure   Level
 Passwall                 Tmut/Erth      7%         N/A       12%         2
 Stone Arrow              Conj/Erth      14%        3d7       28%         3
 Petrify                  Tmut/Erth      9%         N/A       61%         4


Dungeon Overview and Level Annotations

Branches:
Dungeon (2/15)

Altars:


Innate Abilities, Weirdness & Mutations

You are immune to sickness and miasma.
Your stone body is resilient. (AC +2)
You are immune to poison.
You resist negative energy. (rN+)
You are resistant to electric shocks. (rElec)
You are resistant to unholy torment.
You are immune to petrification.


Message History

Found an escape hatch in the floor.
You hit the rat but do no damage. The rat misses you.
You hit the rat.
You kill the rat!
Training target 1.0 for Transmutations reached!
Your Transmutations skill increases to level 1!
You need to enable at least one skill for training.
A kobold comes into view. It is wielding a +0 whip.
A kobold is nearby!
Found a stone staircase leading down.
The kobold shouts!
You barely miss the kobold. The kobold hits you but does no damage.
You hit the kobold but do no damage. The kobold hits you with a +0 whip.
You hit the kobold but do no damage. The kobold hits you but does no damage.
You hit the kobold but do no damage. The kobold hits you with a +0 whip.
You closely miss the kobold. The kobold hits you but does no damage.
You hit the kobold.
The kobold is severely wounded.
The kobold hits you with a +0 whip.
You are too injured to fight recklessly!
You are too injured to fight recklessly!
You are too injured to fight recklessly!
You are too injured to fight recklessly!
You closely miss the kobold.
The kobold is severely wounded.
The kobold hits you but does no damage.
You hit the kobold but do no damage.
The kobold is severely wounded.
The kobold misses you.
You completely miss the kobold.
The kobold is severely wounded.
The kobold closely misses you.
You closely miss the kobold.
The kobold is severely wounded.
The kobold hits you with a +0 whip.
* * * LOW HITPOINT WARNING * * *
You closely miss the kobold.
The kobold is severely wounded.
The kobold hits you with a +0 whip.
You die...

...... .# ...... ## ...
.>..... .###...
........##.......
.................
...............#.
.......>.K.......
.........@........ ......
.................####....#
.......................#..
.....#.........#.........
....##......>..#.#.......
.##......................
.................# #...
.................# ###..
................#####....


You could see a kobold.

Vanquished Creatures
  An endoplasm (D:1)
  3 giant cockroaches
  A hobgoblin (D:1)
  4 jackals (D:1)
  A quokka (D:1)
  A ball python (D:1)
  A frilled lizard (D:1)
  2 kobolds (D:1)
  3 rats
17 creatures vanquished.

Notes
Turn   | Place    | Note
-------+----------+-------------------------------------------
     0 | D:1      | Groucho the Gargoyle Earth Elementalist began the quest for
                  | the Orb.
     0 | D:1      | Reached XP level 1. HP: 10/10 MP: 3/3
   110 | D:1      | Reached skill level 1 in Fighting
   192 | D:1      | Reached XP level 2. HP: 12/17 MP: 5/5
   859 | D:1      | Reached skill level 4 in Earth Magic
  1146 | D:2      | Found a faded altar of an unknown god.
  1210 | D:2      | Reached skill level 1 in Transmutations
  1224 | D:2      | Slain by a kobold

Illustrated notes

Levels and vault maps discovered:
D:1:      minmay_arrival_radiant_lines, layout_loops_ring, chequers_jeans
D:2:      layout_rooms, shapermc_ecumenical_altar_gd,
          minmay_fractal_squares_gapless_5

Skill      XL: |  1  2 |
---------------+-------+-----
Fighting       | 1 2 |  2.0
Earth Magic    | 4 |  4.0
Transmutations | 1 |  1.0
Dodging        | |  1.5
Stealth        | |  2.1
Spellcasting   | |  2.0

Action                     || total
---------------------------++-------
  Melee: Short sword       ||    38
         Unarmed           ||     2
   Cast: Sandblast         ||    11
    Use: Potion            ||     2
         Scroll            ||     1
   Stab: Sleeping          ||     1
 Armour: Robe              ||    12
  Dodge: Dodged            ||    20
